BlueJackets vs Blackhawks

Created - Saturday, March 28, 2015 at 01:36

Goals
1 2 3 T
BlueJackets 1 0 2 3
Blackhawks 4 5 0 9
Shots
1 2 3 T
BlueJackets 14 7 14 35
Blackhawks 8 12 7 27

1st period

1. BlueJackets , Vernon Fiddler 4 (Adam Pardy, Teddy Purcell) at 1:18
2. Blackhawks , Tyler Toffoli 5 (Brent Burns, Jordie Benn) at 4:13
3. Blackhawks , Martin Hanzal 19 (Ryan Callahan) at 5:16 (PP)
4. Blackhawks , Martin Hanzal 20 (Dustin Byfuglien, Ryan Callahan) at 7:11
5. Blackhawks , Dustin Byfuglien 28 (Martin Hanzal, Ryan Callahan) at 11:11

Penalties :
Ben Holmstrom (Chi) for Roughing (Minor) at 1:41, Ryan Garbutt (Clb) for Interference (Minor) at 4:37

2nd period

6. Blackhawks , Dustin Byfuglien 29 (Ryan Callahan, Michael Del Zotto) at 0:31
7. Blackhawks , Mike Hoffman 1 (Jeff Carter, Riley Sheahan) at 0:59
8. Blackhawks , Justin Braun 11 (Ryan Callahan, Torey Krug) at 8:39 (PP)
9. Blackhawks , Jeff Carter 30 (Tyler Toffoli, Justin Braun) at 9:15 (PP)
10. Blackhawks , Ryan Callahan 31 (Martin Hanzal) at 14:33 (PP)

Penalties :
Vernon Fiddler (Clb) for Hooking (Minor) at 1:04, Dustin Byfuglien (Chi) for Interference (Minor) at 5:07, Tobias Enstrom (Clb) for High sticking (Double Minor) at 8:24, Erik Cole (Clb) for Tripping (Minor) at 14:03, Justin Braun (Chi) for Cross-checking (Minor) at 15:14

3rd period

11. BlueJackets , Adam Pardy 3 (Erik Cole, Sam Gagner) at 6:10 (SH)
12. BlueJackets , Tobias Enstrom 32 (Teddy Purcell, Drew Shore) at 19:46

Penalties :
Ben Holmstrom (Chi) for Tripping (Minor) at 1:50, Ryan Garbutt (Clb) for Hooking (Minor) at 4:43, Martin Hanzal (Chi) for Hooking (Minor) at 8:34, Ryan Garbutt (Clb) for Holding (Minor) at 14:16

Goalie Stats

Joni Ortio (Clb), 9 saves from 13 shots - (0.692), 18:04 minutes
Jake Allen (Clb), 9 saves from 14 shots - (0.643), L, 11-24-3, 41:56 minutes
Jimmy Howard (Chi), 32 saves from 35 shots - (0.914), W, 25-28-6, 60:00 minutes

Players Stats for BlueJackets

Player Name              G  A  P  +/- PIM S  H  SB GA TA FO     MP     PP MP  PK MP  
------------------------------------------------------------------------------------
Adam Pardy               1  1  2   1  0   3  1  0  0  2  0/0    23:47   7:14   5:12 
Chad Ruhwedel            0  0  0  -1  0   0  1  2  0  0  0/0    14:08   0:00   0:00 
Drew Shore               0  1  1   1  0   0  1  0  2  1  5/7    12:29   0:00   0:00 
Erik Cole                0  1  1   0  2   3  5  0  3  0  2/4    20:43   4:45   1:10 
James Wright             0  0  0  -1  0   0  3  0  0  0  2/8     8:45   0:00   1:29 
Jesse Winchester         0  0  0   0  0   1  1  0  0  2  0/0    12:00   0:00   0:00 
Justin Williams          0  0  0  -3  0   0  0  1  0  1  0/2    24:31   5:10   5:18 
Kevin Connauton          0  0  0   0  0   1  1  0  0  0  0/0    11:59   0:00   0:00 
Kevin Klein              0  0  0  -2  0   0  4  2  1  2  0/0    21:17   2:41   3:36 
Magnus Paajarvi          0  0  0   0  0   0  0  0  0  0  0/0     0:00   0:00   0:00 
Manny Malhotra           0  0  0  -1  0   1  1  0  0  1  8/15   13:53   0:00   0:00 
Michael Raffl            0  0  0  -1  0   1  1  0  0  0  1/1     6:49   0:00   0:00 
Patrick Wiercioch        0  0  0  -1  0   3  0  0  0  1  0/0    19:32   2:41   2:45 
Ryan Garbutt             0  0  0   0  6   3  7  0  3  1  0/4    18:25   4:45   0:00 
Sam Gagner               0  1  1   0  0   1  2  0  2  0  0/0    20:44   4:45   1:10 
Teddy Purcell            0  2  2  -1  0   4  1  0  0  1  1/10   20:17   5:10   6:37 
Tobias Enstrom           1  0  1  -1  4   9  0  2  1  2  0/0    29:16   7:14   4:21 
Vernon Fiddler           1  0  1  -1  2   5  1  0  1  0  2/8    13:22   5:10   0:10 

Players Stats for Blackhawks

Player Name              G  A  P  +/- PIM S  H  SB GA TA FO     MP     PP MP  PK MP  
------------------------------------------------------------------------------------
Andrew Shaw              0  0  0   1  0   1  0  0  0  0  5/10    9:11   0:00   0:00 
Ben Holmstrom            0  0  0   0  4   0  2  0  1  0  3/7    11:26   0:00   0:00 
Brent Burns              0  1  1   2  0   1  2  0  3  0  0/0    25:38   3:07   5:43 
Brock Nelson             0  0  0   0  0   0  0  0  0  0  0/0     0:55   0:00   0:04 
Brooks Laich             0  0  0   0  0   0  0  0  4  0  2/3    17:45   0:00   5:25 
Chay Genoway             0  0  0   0  0   1  0  1  0  0  0/0    12:57   0:00   0:00 
Dustin Byfuglien         2  1  3   3  2   6  3  1  1  0  0/0    23:24   3:07   5:10 
Jeff Carter              1  1  2  -2  0   5  2  2  6  2  4/4    22:27   3:36   5:13 
Jordie Benn              0  1  1   0  0   0  0  0  0  1  0/0    18:19   0:00   5:28 
Justin Braun             1  1  2   0  2   3  1  1  0  1  0/0    22:47   4:50   3:29 
Justin Fontaine          0  0  0  -1  0   1  2  0  0  0  0/2    15:07   3:36   0:00 
Martin Hanzal            2  2  4   3  2   2  0  1  0  0  20/24  19:19   4:21   3:54 
Michael Del Zotto        0  1  1   3  0   0  1  1  0  2  0/0    14:22   0:00   0:00 
Mike Hoffman             1  0  1  -1  0   1  1  1  0  0  0/0    10:17   0:00   0:00 
Riley Sheahan            0  1  1  -1  0   1  1  1  2  0  4/8    14:55   4:21   0:00 
Ryan Callahan            1  5  6   3  0   1  2  0  2  1  0/1    20:30   4:21   5:14 
Torey Krug               0  1  1   0  0   2  0  0  0  1  0/0    16:48   4:50   0:00 
Tyler Toffoli            1  1  2   0  0   2  1  0  0  1  0/0    13:53   3:36   0:00 

3 Stars

1 - Ryan Callahan (Chi)
2 - Martin Hanzal (Chi)
3 - Dustin Byfuglien (Chi)

Power Play

BlueJackets - 0 on 5 Attempt(s) - 0.00%
Blackhawks - 4 on 7 Attempt(s) - 57.14%

Penalty Kill

BlueJackets - 3 on 7 Attempt(s) - 42.86% - Score 1 goal in Penalty Kill
Blackhawks - 5 on 5 Attempt(s) - 100.00% - Score 0 goal in Penalty Kill

Team Stat

BlueJackets - Hits : 30 - Faceoff Wins : 21 - Blocked Shots : 7 - Penalty Minutes : 14
Blackhawks - Hits : 18 - Faceoff Wins : 38 - Blocked Shots : 9 - Penalty Minutes : 10

Official

Referees : Unknown
Linesman : Unknown

Game Notes

Joni Ortio enters game at 11:11 of 1st period
1:59 of 2nd period - Blackhawks goal is going for a video replay. After video review, No Goal. The attacking player has interfered with a goalkeeper in his goal crease.
Jake Allen enters game at 9:15 of 2nd period

Finance

Level 1 -- Attendance: 5699 (94.98%) -- Ticket Income $484,415
Level 2 -- Attendance: 3931 (78.62%) -- Ticket Income $216,205
Level 3 -- Attendance: 1924 (96.20%) -- Ticket Income $57,720
Level 4 -- Attendance: 4000 (100.00%) -- Ticket Income $72,000
Luxury Box -- Attendance: 889 (88.90%) -- Ticket Income $160,020
Game was played at the United Center'
Total Attendance: 16443 (91.35%)
Total Ticket Income: $990,360
Other Income: $485,276
Total Income: $1,475,636

BlueJackets

5 vs 5 Forward 
   Center                   Left Wing                Right Wing               Time % Phy DF OF 
 1 Manny Malhotra           Erik Cole                Sam Gagner               35     1   2  2  
 2 Vernon Fiddler           Teddy Purcell            Justin Williams          30     1   2  2  
 3 Drew Shore               Ryan Garbutt             Jesse Winchester         22     1   2  2  
 4 James Wright             Michael Raffl            Justin Williams          13     1   2  2  

5 vs 5 Defense 
   Defense                  Defense                                           Time % Phy DF OF 
 1 Tobias Enstrom           Chad Ruhwedel                                     35     1   2  2  
 2 Adam Pardy               Kevin Klein                                       30     1   2  2  
 3 Patrick Wiercioch        Kevin Connauton                                   22     1   2  2  
 4 Tobias Enstrom           Kevin Klein                                       13     1   2  2  

PowerPlay Forward 
   Center                   Left Wing                Right Wing               Time % Phy DF OF 
 1 Ryan Garbutt             Erik Cole                Sam Gagner               60     1   2  2  
 2 Vernon Fiddler           Teddy Purcell            Justin Williams          40     1   2  2  

PowerPlay Defense
   Defense                  Defense                                           Time % Phy DF OF 
 1 Tobias Enstrom           Adam Pardy                                        60     1   2  2  
 2 Patrick Wiercioch        Kevin Klein                                       40     1   2  2  

Penalty Kill 4 Players Forward 
   Center                   Wing                     Time % Phy DF OF 
 1 Teddy Purcell            Justin Williams          60     1   2  2  
 2 Sam Gagner               Erik Cole                40     1   2  2  

Penalty Kill 4 Players Defense
   Defense                  Defense                  Time % Phy DF OF 
 1 Tobias Enstrom           Adam Pardy               60     1   2  2  
 2 Patrick Wiercioch        Kevin Klein              40     1   2  2  

Penalty Kill - 3 Players Forward 
   Forward                                           Time % Phy DF OF 
 1 Erik Cole                                         60     1   2  2  
 2 Justin Williams                                   40     1   2  2  

Penalty Kill - 3 Players Defense
   Defense                  Defense                  Time % Phy DF OF 
 1 Tobias Enstrom           Adam Pardy               60     1   2  2  
 2 Kevin Connauton          Kevin Klein              40     1   2  2  

4 vs 4 Forward 
   Center                   Wing                     Time % Phy DF OF 
 1 Ryan Garbutt             Justin Williams          60     1   2  2  
 2 Teddy Purcell            Erik Cole                40     1   2  2  

4 vs 4 Defense
   Defense                  Defense                  Time % Phy DF OF 
 1 Tobias Enstrom           Patrick Wiercioch        60     1   2  2  
 2 Adam Pardy               Kevin Klein              40     1   2  2  

Last Minutes Offensive
   Center                   Left Wing                Right Wing               Defense                  Defense                  
   Manny Malhotra           Erik Cole                Sam Gagner               Tobias Enstrom           Adam Pardy               

Last Minutes Defensive
   Center                   Left Wing                Right Wing               Defense                  Defense                  
   Manny Malhotra           Erik Cole                Sam Gagner               Tobias Enstrom           Adam Pardy               

Goaltenders
Starting : Jake Allen               
Backup : Joni Ortio               

Extra Forwards
Normal : Ryan Garbutt, Drew Shore, James Wright - PP : Ryan Garbutt, Drew Shore - PK : James Wright
Extra Defensemen
Normal : Kevin Klein, Adam Pardy, Tobias Enstrom - PP : Tobias Enstrom - PK : Kevin Klein, Tobias Enstrom
Penalty Shots
James Wright, Justin Williams, Sam Gagner, Erik Cole, Teddy Purcell

Blackhawks

5 vs 5 Forward 
   Center                   Left Wing                Right Wing               Time % Phy DF OF 
 1 Martin Hanzal            Dustin Byfuglien         Ryan Callahan            30     1   2  2  
 2 Riley Sheahan            Mike Hoffman             Jeff Carter              25     1   2  2  
 3 Andrew Shaw              Tyler Toffoli            Brent Burns              25     2   2  1  
 4 Ben Holmstrom            Brooks Laich             Justin Fontaine          20     2   2  1  

5 vs 5 Defense 
   Defense                  Defense                                           Time % Phy DF OF 
 1 Brent Burns              Michael Del Zotto                                 30     1   2  2  
 2 Justin Braun             Chay Genoway                                      30     1   2  2  
 3 Jordie Benn              Torey Krug                                        30     1   2  2  
 4 Dustin Byfuglien         Michael Del Zotto                                 10     1   2  2  

PowerPlay Forward 
   Center                   Left Wing                Right Wing               Time % Phy DF OF 
 1 Jeff Carter              Tyler Toffoli            Justin Fontaine          50     0   1  4  
 2 Martin Hanzal            Riley Sheahan            Ryan Callahan            50     0   1  4  

PowerPlay Defense
   Defense                  Defense                                           Time % Phy DF OF 
 1 Brent Burns              Dustin Byfuglien                                  50     0   2  3  
 2 Justin Braun             Torey Krug                                        50     0   2  3  

Penalty Kill 4 Players Forward 
   Center                   Wing                     Time % Phy DF OF 
 1 Brooks Laich             Ryan Callahan            50     1   3  1  
 2 Martin Hanzal            Jeff Carter              50     1   3  1  

Penalty Kill 4 Players Defense
   Defense                  Defense                  Time % Phy DF OF 
 1 Brent Burns              Dustin Byfuglien         50     2   3  0  
 2 Jordie Benn              Justin Braun             50     2   3  0  

Penalty Kill - 3 Players Forward 
   Forward                                           Time % Phy DF OF 
 1 Ryan Callahan                                     50     1   4  0  
 2 Brooks Laich                                      50     1   4  0  

Penalty Kill - 3 Players Defense
   Defense                  Defense                  Time % Phy DF OF 
 1 Brent Burns              Dustin Byfuglien         50     1   4  0  
 2 Jordie Benn              Justin Braun             50     1   4  0  

4 vs 4 Forward 
   Center                   Wing                     Time % Phy DF OF 
 1 Jeff Carter              Tyler Toffoli            50     0   2  3  
 2 Martin Hanzal            Ryan Callahan            50     0   2  3  

4 vs 4 Defense
   Defense                  Defense                  Time % Phy DF OF 
 1 Justin Braun             Chay Genoway             50     1   2  2  
 2 Jordie Benn              Torey Krug               50     1   2  2  

Last Minutes Offensive
   Center                   Left Wing                Right Wing               Defense                  Defense                  
   Martin Hanzal            Ryan Callahan            Jeff Carter              Dustin Byfuglien         Michael Del Zotto        

Last Minutes Defensive
   Center                   Left Wing                Right Wing               Defense                  Defense                  
   Martin Hanzal            Brooks Laich             Ryan Callahan            Justin Braun             Dustin Byfuglien         

Goaltenders
Starting : Jimmy Howard             
Backup : Craig Anderson           

Extra Forwards
Normal : Jeff Carter, Tyler Toffoli, Ryan Callahan - PP : Ryan Callahan, Jeff Carter - PK : Ryan Callahan
Extra Defensemen
Normal : Justin Braun, Torey Krug, Dustin Byfuglien - PP : Brent Burns - PK : Justin Braun, Dustin Byfuglien
Penalty Shots
Brooks Laich, Brent Burns, Jeff Carter, Ryan Callahan, Dustin Byfuglien

% Time on Ice - BlueJackets

Lines # - Real PCT - Wanted PCT - Time Play
Normal Forward
1 - 35% - 35% - 14:56
2 - 20% - 30% - 8:23
3 - 28% - 22% - 12:00
4 - 16% - 13% - 6:49
Normal Defense
1 - 36% - 35% - 15:09
2 - 30% - 30% - 12:27
3 - 28% - 22% - 11:59
4 - 6% - 13% - 2:33
PP Forward
1 - 48% - 60% - 4:45
2 - 52% - 40% - 5:10
PP Defense
1 - 73% - 60% - 7:14
2 - 27% - 40% - 2:41
PK Forward
1 - 85% - 60% - 6:47
2 - 15% - 40% - 1:10
PK Defense
1 - 65% - 60% - 5:12
2 - 35% - 40% - 2:45
PK3 Forward
1 - 0% - 60%
2 - 0% - 40%
PK3 Defense
1 - 0% - 60%
2 - 0% - 40%
44 Forward
1 - 0% - 60%
2 - 0% - 40%
44 Defense
1 - 0% - 60%
2 - 0% - 40%
Last Minute Offensive  - 0:00
Last Minute Defensive  - 0:00
Total
Forward - 60:00
Defense - 60:00

% Time on Ice - Blackhawks

Lines # - Real PCT - Wanted PCT - Time Play
Normal Forward
1 - 22% - 30% - 9:18
2 - 29% - 25% - 12:15
3 - 22% - 25% - 9:11
4 - 27% - 20% - 11:24
Normal Defense
1 - 25% - 30% - 10:22
2 - 33% - 30% - 14:04
3 - 28% - 30% - 11:51
4 - 14% - 10% - 5:51
PP Forward
1 - 45% - 50% - 3:36
2 - 55% - 50% - 4:21
PP Defense
1 - 39% - 50% - 3:07
2 - 61% - 50% - 4:50
PK Forward
1 - 47% - 50% - 4:38
2 - 53% - 50% - 5:17
PK Defense
1 - 51% - 50% - 5:01
2 - 49% - 50% - 4:54
PK3 Forward
1 - 0% - 50%
2 - 0% - 50%
PK3 Defense
1 - 0% - 50%
2 - 0% - 50%
44 Forward
1 - 0% - 50%
2 - 0% - 50%
44 Defense
1 - 0% - 50%
2 - 0% - 50%
Last Minute Offensive  - 0:00
Last Minute Defensive  - 0:00
Total
Forward - 60:00
Defense - 60:00

Play by Play

1st period


0:01 of 1st period - Manny Malhotra wins face-off versus Ryan Callahan in neutral zone.
0:04 of 1st period - Snap shot by Tobias Enstrom.
0:04 of 1st period - Shot Misses the Net.
1:14 of 1st period - Wrist shot by Vernon Fiddler.
1:14 of 1st period - Shot Misses the Net.
1:16 of 1st period - Slapshot by Adam Pardy.
1:16 of 1st period - Stopped by Jimmy Howard with a rebound.
1:18 of 1st period - Slapshot by Vernon Fiddler.
1:18 of 1st period - Goal by Vernon Fiddler - BlueJackets : 1 - Blackhawks : 0.
1:19 of 1st period - Drew Shore wins face-off versus Brooks Laich in neutral zone.
1:32 of 1st period - Snap shot by Jesse Winchester.
1:32 of 1st period - Shot Misses the Net.
1:41 of 1st period - Minor Penalty to Ben Holmstrom for Roughing.
1:42 of 1st period - Martin Hanzal wins face-off versus Ryan Garbutt in Blackhawks zone.
2:18 of 1st period - Wrist shot by Erik Cole.
2:18 of 1st period - Stopped by Jimmy Howard with a rebound.
3:41 of 1st period - Penalty to Ben Holmstrom is over, Ben Holmstrom is back on ice.
3:55 of 1st period - Justin Braun is hit by Kevin Klein and loses puck.
4:02 of 1st period - James Wright is hit by Justin Braun and loses puck.
4:11 of 1st period - Snap shot by Brent Burns.
4:11 of 1st period - Shot Misses the Net.
4:13 of 1st period - Slapshot by Tyler Toffoli.
4:13 of 1st period - Goal by Tyler Toffoli - BlueJackets : 1 - Blackhawks : 1.
4:14 of 1st period - Drew Shore wins face-off versus Riley Sheahan in neutral zone.
4:26 of 1st period - Snap shot by Jeff Carter.
4:26 of 1st period - Deflect By Mike Hoffman.
4:26 of 1st period - Shot Misses the Net.
4:26 of 1st period - Puck is out of play.
4:27 of 1st period - Riley Sheahan wins face-off versus Drew Shore in BlueJackets zone.
4:37 of 1st period - Minor Penalty to Ryan Garbutt for Interference.
4:38 of 1st period - Martin Hanzal wins face-off versus Teddy Purcell in BlueJackets zone.
5:16 of 1st period - Wrist shot by Martin Hanzal.
5:16 of 1st period - Goal by Martin Hanzal - BlueJackets : 1 - Blackhawks : 2.
5:17 of 1st period - Ben Holmstrom wins face-off versus Erik Cole in neutral zone.
5:43 of 1st period - Snap shot by Tobias Enstrom.
5:43 of 1st period - Stopped by Jimmy Howard with a rebound.
6:11 of 1st period - Chay Genoway is hit by Ryan Garbutt and loses puck.
6:18 of 1st period - Justin Braun is hit by Ryan Garbutt and loses puck.
7:01 of 1st period - Snap shot by Martin Hanzal.
7:01 of 1st period - Shot Misses the Net.
7:03 of 1st period - Snap shot by Ryan Callahan.
7:03 of 1st period - Shot Misses the Net.
7:05 of 1st period - Slapshot by Brent Burns.
7:05 of 1st period - Stopped by Jake Allen with a rebound.
7:07 of 1st period - Slapshot by Ryan Callahan.
7:07 of 1st period - Shot Misses the Net.
7:09 of 1st period - Snap shot by Dustin Byfuglien.
7:09 of 1st period - Shot Misses the Net.
7:11 of 1st period - Wrist shot by Martin Hanzal.
7:11 of 1st period - Goal by Martin Hanzal - BlueJackets : 1 - Blackhawks : 3.
7:12 of 1st period - Manny Malhotra wins face-off versus Riley Sheahan in neutral zone.
7:15 of 1st period - Slapshot by Patrick Wiercioch.
7:15 of 1st period - Shot Blocked by Chay Genoway.
7:17 of 1st period - Wrist shot by Manny Malhotra.
7:17 of 1st period - Stopped by Jimmy Howard with a rebound.
7:19 of 1st period - Wrist shot by Sam Gagner.
7:19 of 1st period - Shot Misses the Net.
7:21 of 1st period - Wrist shot by Erik Cole.
7:21 of 1st period - Shot Misses the Net.
7:23 of 1st period - Snap shot by Erik Cole.
7:23 of 1st period - Shot Blocked by Jeff Carter.
7:25 of 1st period - Slapshot by Manny Malhotra.
7:25 of 1st period - Shot Blocked by Mike Hoffman.
7:27 of 1st period - Slapshot by Patrick Wiercioch.
7:27 of 1st period - Stopped by Jimmy Howard without a rebound.
7:28 of 1st period - Riley Sheahan wins face-off versus Manny Malhotra in Blackhawks zone.
8:13 of 1st period - Snap shot by Teddy Purcell.
8:13 of 1st period - Shot Misses the Net.
8:15 of 1st period - Slapshot by Adam Pardy.
8:15 of 1st period - Shot Misses the Net.
8:17 of 1st period - Wrist shot by Adam Pardy.
8:17 of 1st period - Stopped by Jimmy Howard with a rebound.
8:19 of 1st period - Snap shot by Vernon Fiddler.
8:19 of 1st period - Stopped by Jimmy Howard with a rebound.
8:21 of 1st period - Slapshot by Kevin Klein.
8:21 of 1st period - Shot Misses the Net.
8:23 of 1st period - Snap shot by Teddy Purcell.
8:23 of 1st period - Shot Misses the Net.
8:25 of 1st period - Slapshot by Justin Williams.
8:25 of 1st period - Deflect By Teddy Purcell.
8:25 of 1st period - Shot Blocked by Riley Sheahan.
8:25 of 1st period - Puck is out of play.
8:26 of 1st period - Andrew Shaw wins face-off versus Drew Shore in Blackhawks zone.
8:47 of 1st period - Jordie Benn is hit by Kevin Klein and loses puck.
8:57 of 1st period - Off-side.
8:58 of 1st period - Jeff Carter wins face-off versus Vernon Fiddler in neutral zone.
9:19 of 1st period - Snap shot by Jeff Carter.
9:19 of 1st period - Stopped by Jake Allen with a rebound.
9:25 of 1st period - Slapshot by Tobias Enstrom.
9:25 of 1st period - Stopped by Jimmy Howard with a rebound.
9:27 of 1st period - Snap shot by Teddy Purcell.
9:27 of 1st period - Shot Hit the Post.
9:29 of 1st period - Slapshot by Tobias Enstrom.
9:29 of 1st period - Stopped by Jimmy Howard with a rebound.
9:31 of 1st period - Wrist shot by Vernon Fiddler.
9:31 of 1st period - Shot Misses the Net.
9:33 of 1st period - Snap shot by Tobias Enstrom.
9:33 of 1st period - Shot Blocked by Martin Hanzal.
9:35 of 1st period - Snap shot by Vernon Fiddler.
9:35 of 1st period - Stopped by Jimmy Howard without a rebound.
9:36 of 1st period - Manny Malhotra wins face-off versus Andrew Shaw in Blackhawks zone.
9:47 of 1st period - Jordie Benn is hit by Manny Malhotra and loses puck.
10:28 of 1st period - Jordie Benn is hit by Ryan Garbutt.
10:47 of 1st period - Slapshot by Tobias Enstrom.
10:47 of 1st period - Shot Misses the Net.
10:49 of 1st period - Slapshot by Ryan Garbutt.
10:49 of 1st period - Stopped by Jimmy Howard with a rebound.
10:51 of 1st period - Wrist shot by Tobias Enstrom.
10:51 of 1st period - Shot Misses the Net.
10:53 of 1st period - Slapshot by Tobias Enstrom.
10:53 of 1st period - Stopped by Jimmy Howard without a rebound.
10:54 of 1st period - Martin Hanzal wins face-off versus Vernon Fiddler in Blackhawks zone.
11:07 of 1st period - Wrist shot by Dustin Byfuglien.
11:07 of 1st period - Shot Misses the Net.
11:09 of 1st period - Snap shot by Martin Hanzal.
11:09 of 1st period - Shot Blocked by Tobias Enstrom.
11:11 of 1st period - Wrist shot by Dustin Byfuglien.
11:11 of 1st period - Goal by Dustin Byfuglien - BlueJackets : 1 - Blackhawks : 4.
11:11 of 1st period - Joni Ortio enters game.
11:12 of 1st period - Andrew Shaw wins face-off versus James Wright in neutral zone.
11:15 of 1st period - Michael Raffl is hit by Michael Del Zotto and loses puck.
12:48 of 1st period - Off-side.
12:49 of 1st period - Drew Shore wins face-off versus Ben Holmstrom in neutral zone.
13:19 of 1st period - Wrist shot by Ryan Garbutt.
13:19 of 1st period - Shot Misses the Net.
13:21 of 1st period - Snap shot by Patrick Wiercioch.
13:21 of 1st period - Shot Misses the Net.
13:45 of 1st period - Michael Del Zotto is hit by Kevin Connauton and loses puck.
13:56 of 1st period - Wrist shot by Riley Sheahan.
13:56 of 1st period - Shot Misses the Net.
14:02 of 1st period - Riley Sheahan is hit by Vernon Fiddler and loses puck.
14:53 of 1st period - Michael Raffl is hit by Ryan Callahan and loses puck.
15:30 of 1st period - Dustin Byfuglien is hit by Kevin Klein and loses puck.
16:00 of 1st period - Snap shot by Torey Krug.
16:00 of 1st period - Deflect By Teddy Purcell.
16:00 of 1st period - Stopped by Joni Ortio with a rebound.
16:49 of 1st period - Andrew Shaw is hit by James Wright.
17:12 of 1st period - Off-side.
17:13 of 1st period - Drew Shore wins face-off versus Riley Sheahan in neutral zone.
17:20 of 1st period - Wrist shot by Ryan Garbutt.
17:20 of 1st period - Stopped by Jimmy Howard with a rebound.
17:22 of 1st period - Wrist shot by Drew Shore.
17:22 of 1st period - Deflect By Riley Sheahan.
17:22 of 1st period - Shot Misses the Net.
17:22 of 1st period - Puck is out of play.
17:23 of 1st period - Riley Sheahan wins face-off versus Manny Malhotra in Blackhawks zone.
18:00 of 1st period - Ryan Callahan is hit by Erik Cole.
18:44 of 1st period - Kevin Klein is hit by Justin Fontaine and loses puck.
19:54 of 1st period - Snap shot by Dustin Byfuglien.
19:54 of 1st period - Shot Misses the Net.
19:56 of 1st period - Snap shot by Ryan Callahan.
19:56 of 1st period - Shot Misses the Net.
19:58 of 1st period - Slapshot by Chay Genoway.
19:58 of 1st period - Stopped by Joni Ortio without a rebound.
19:59 of 1st period - Martin Hanzal wins face-off versus James Wright in BlueJackets zone.
Goals for this period are 1 for BlueJackets vs 4 for Blackhawks.
Shots for this period are 14 for BlueJackets vs 8 for Blackhawks.

2nd period


0:01 of 2nd period - Martin Hanzal wins face-off versus Teddy Purcell in neutral zone.
0:15 of 2nd period - Wrist shot by Dustin Byfuglien.
0:15 of 2nd period - Stopped by Joni Ortio with a rebound.
0:31 of 2nd period - Slapshot by Dustin Byfuglien.
0:31 of 2nd period - Goal by Dustin Byfuglien - BlueJackets : 1 - Blackhawks : 5.
0:32 of 2nd period - Riley Sheahan wins face-off versus Manny Malhotra in neutral zone.
0:45 of 2nd period - Snap shot by Riley Sheahan.
0:45 of 2nd period - Stopped by Joni Ortio with a rebound.
0:55 of 2nd period - Wrist shot by Jeff Carter.
0:55 of 2nd period - Shot Misses the Net.
0:57 of 2nd period - Wrist shot by Jeff Carter.
0:57 of 2nd period - Shot Blocked by Tobias Enstrom.
0:59 of 2nd period - Slapshot by Mike Hoffman.
0:59 of 2nd period - Goal by Mike Hoffman - BlueJackets : 1 - Blackhawks : 6.
1:00 of 2nd period - Martin Hanzal wins face-off versus Vernon Fiddler in neutral zone.
1:04 of 2nd period - Minor Penalty to Vernon Fiddler for Hooking.
1:05 of 2nd period - Jeff Carter wins face-off versus Teddy Purcell in BlueJackets zone.
1:39 of 2nd period - Off-side.
1:40 of 2nd period - Martin Hanzal wins face-off versus Teddy Purcell in neutral zone.
1:57 of 2nd period - Snap shot by Ryan Callahan.
1:57 of 2nd period - Shot Misses the Net.
1:59 of 2nd period - Slapshot by Dustin Byfuglien.
1:59 of 2nd period - Blackhawks goal is going for a video replay.
1:59 of 2nd period - The goal is refused. The attacking player has interfered with a goalkeeper in his goal crease..
2:00 of 2nd period - Martin Hanzal wins face-off versus Teddy Purcell in BlueJackets zone.
3:04 of 2nd period - Penalty to Vernon Fiddler is over, Vernon Fiddler is back on ice.
3:05 of 2nd period - Adam Pardy is hit by Dustin Byfuglien.
3:17 of 2nd period - Chad Ruhwedel is hit by Ben Holmstrom.
3:23 of 2nd period - Brooks Laich is hit by Jesse Winchester and loses puck.
3:28 of 2nd period - Snap shot by Jesse Winchester.
3:28 of 2nd period - Stopped by Jimmy Howard without a rebound.
3:29 of 2nd period - Drew Shore wins face-off versus Justin Fontaine in Blackhawks zone.
4:13 of 2nd period - Brooks Laich is hit by Sam Gagner and loses puck.
4:20 of 2nd period - Slapshot by Tobias Enstrom.
4:20 of 2nd period - Shot Misses the Net.
4:52 of 2nd period - Snap shot by Jeff Carter.
4:52 of 2nd period - Stopped by Joni Ortio without a rebound.
4:53 of 2nd period - Michael Raffl wins face-off versus Martin Hanzal in BlueJackets zone.
5:02 of 2nd period - Slapshot by Dustin Byfuglien.
5:02 of 2nd period - Shot Blocked by Kevin Klein.
5:04 of 2nd period - Wrist shot by Dustin Byfuglien.
5:04 of 2nd period - Shot Blocked by Kevin Klein.
5:06 of 2nd period - Slapshot by Torey Krug.
5:06 of 2nd period - Deflect By Justin Williams.
5:06 of 2nd period - Stopped by Joni Ortio with a rebound.
5:07 of 2nd period - Minor Penalty to Dustin Byfuglien for Interference.
5:08 of 2nd period - Martin Hanzal wins face-off versus Ryan Garbutt in Blackhawks zone.
5:21 of 2nd period - Snap shot by Erik Cole.
5:21 of 2nd period - Deflect By Sam Gagner.
5:21 of 2nd period - Stopped by Jimmy Howard without a rebound.
5:22 of 2nd period - Martin Hanzal wins face-off versus Ryan Garbutt in Blackhawks zone.
5:22 of 2nd period - Martin Hanzal is hit by Erik Cole.
6:55 of 2nd period - Icing by Kevin Klein.
6:56 of 2nd period - Martin Hanzal wins face-off versus Vernon Fiddler in BlueJackets zone.
6:57 of 2nd period - Wrist shot by Jeff Carter.
6:57 of 2nd period - Shot Blocked by Justin Williams.
7:07 of 2nd period - Penalty to Dustin Byfuglien is over, Dustin Byfuglien is back on ice.
7:29 of 2nd period - Slapshot by Ryan Garbutt.
7:29 of 2nd period - Shot Blocked by Dustin Byfuglien.
7:31 of 2nd period - Slapshot by Chad Ruhwedel.
7:31 of 2nd period - Deflect By Ryan Garbutt.
7:31 of 2nd period - Shot Misses the Net.
7:31 of 2nd period - Puck is out of play.
7:32 of 2nd period - Ben Holmstrom wins face-off versus James Wright in Blackhawks zone.
7:37 of 2nd period - Backhand shot by Tobias Enstrom.
7:37 of 2nd period - Stopped by Jimmy Howard without a rebound.
7:38 of 2nd period - James Wright wins face-off versus Ben Holmstrom in Blackhawks zone.
7:43 of 2nd period - Snap shot by Michael Raffl.
7:43 of 2nd period - Stopped by Jimmy Howard without a rebound.
7:44 of 2nd period - Ben Holmstrom wins face-off versus James Wright in Blackhawks zone.
8:15 of 2nd period - Slapshot by Brooks Laich.
8:15 of 2nd period - Shot Misses the Net.
8:17 of 2nd period - Slapshot by Michael Del Zotto.
8:17 of 2nd period - Shot Blocked by Chad Ruhwedel.
8:19 of 2nd period - Slapshot by Dustin Byfuglien.
8:19 of 2nd period - Stopped by Joni Ortio with a rebound.
8:24 of 2nd period - Double Minor Penalty to Tobias Enstrom for High sticking.
8:25 of 2nd period - Martin Hanzal wins face-off versus Teddy Purcell in BlueJackets zone.
8:27 of 2nd period - Wrist shot by Ryan Callahan.
8:27 of 2nd period - Shot Misses the Net.
8:37 of 2nd period - Wrist shot by Ryan Callahan.
8:37 of 2nd period - Shot Misses the Net.
8:39 of 2nd period - Slapshot by Justin Braun.
8:39 of 2nd period - Goal by Justin Braun - BlueJackets : 1 - Blackhawks : 7.
8:40 of 2nd period - Jeff Carter wins face-off versus Teddy Purcell in neutral zone.
8:43 of 2nd period - Justin Williams is hit by Justin Fontaine and loses puck.
9:13 of 2nd period - Slapshot by Jeff Carter.
9:13 of 2nd period - Stopped by Joni Ortio with a rebound.
9:15 of 2nd period - Slapshot by Jeff Carter.
9:15 of 2nd period - Goal by Jeff Carter - BlueJackets : 1 - Blackhawks : 8.
9:15 of 2nd period - Jake Allen enters game.
9:16 of 2nd period - Martin Hanzal wins face-off versus Manny Malhotra in neutral zone.
9:23 of 2nd period - Snap shot by Erik Cole.
9:23 of 2nd period - Deflect By Sam Gagner.
9:23 of 2nd period - Shot Blocked by Michael Del Zotto.
9:23 of 2nd period - Puck is out of play.
9:24 of 2nd period - Martin Hanzal wins face-off versus Manny Malhotra in Blackhawks zone.
9:57 of 2nd period - Erik Cole is hit by Dustin Byfuglien and loses puck.
10:14 of 2nd period - Riley Sheahan is hit by Drew Shore and loses puck.
11:19 of 2nd period - Wrist shot by Teddy Purcell.
11:19 of 2nd period - Stopped by Jimmy Howard with a rebound.
11:26 of 2nd period - Wrist shot by Kevin Connauton.
11:26 of 2nd period - Stopped by Jimmy Howard with a rebound.
11:39 of 2nd period - Icing by Brooks Laich.
11:40 of 2nd period - Manny Malhotra wins face-off versus Ben Holmstrom in Blackhawks zone.
11:48 of 2nd period - Wrist shot by Erik Cole.
11:48 of 2nd period - Deflect By Sam Gagner.
11:48 of 2nd period - Shot Misses the Net.
11:48 of 2nd period - Puck is out of play.
11:49 of 2nd period - Martin Hanzal wins face-off versus Manny Malhotra in Blackhawks zone.
12:40 of 2nd period - Adam Pardy is hit by Riley Sheahan and loses puck.
13:07 of 2nd period - Snap shot by Jeff Carter.
13:07 of 2nd period - Shot Misses the Net.
13:09 of 2nd period - Snap shot by Riley Sheahan.
13:09 of 2nd period - Shot Misses the Net.
13:11 of 2nd period - Slapshot by Justin Braun.
13:11 of 2nd period - Deflect By Jeff Carter.
13:11 of 2nd period - Deflect By Chad Ruhwedel.
13:11 of 2nd period - Shot Blocked by Chad Ruhwedel.
13:11 of 2nd period - Puck is out of play.
13:12 of 2nd period - Manny Malhotra wins face-off versus Andrew Shaw in BlueJackets zone.
13:28 of 2nd period - Off-side.
13:29 of 2nd period - Andrew Shaw wins face-off versus Manny Malhotra in neutral zone.
13:32 of 2nd period - Snap shot by Erik Cole.
13:32 of 2nd period - Stopped by Jimmy Howard with a rebound.
13:40 of 2nd period - Tyler Toffoli is hit by Erik Cole and loses puck.
14:03 of 2nd period - Minor Penalty to Erik Cole for Tripping.
14:04 of 2nd period - Martin Hanzal wins face-off versus Teddy Purcell in BlueJackets zone.
14:33 of 2nd period - Snap shot by Ryan Callahan.
14:33 of 2nd period - Goal by Ryan Callahan - BlueJackets : 1 - Blackhawks : 9.
14:34 of 2nd period - Andrew Shaw wins face-off versus Ryan Garbutt in neutral zone.
15:14 of 2nd period - Minor Penalty to Justin Braun for Cross-checking.
15:15 of 2nd period - Brooks Laich wins face-off versus Vernon Fiddler in Blackhawks zone.
15:19 of 2nd period - Justin Williams is hit by Ryan Callahan and loses puck.
16:30 of 2nd period - Brent Burns is hit by Sam Gagner and loses puck.
16:41 of 2nd period - Ryan Callahan is hit by Teddy Purcell and loses puck.
17:14 of 2nd period - Penalty to Justin Braun is over, Justin Braun is back on ice.
17:45 of 2nd period - Chay Genoway is hit by Michael Raffl and loses puck.
18:05 of 2nd period - Brooks Laich is hit by Kevin Klein and loses puck.
18:50 of 2nd period - Chay Genoway is hit by James Wright.
19:00 of 2nd period - Snap shot by Riley Sheahan.
19:00 of 2nd period - Shot Misses the Net.
19:39 of 2nd period - Manny Malhotra is hit by Brent Burns and loses puck.
Goals for this period are 0 for BlueJackets vs 5 for Blackhawks.
Shots for this period are 7 for BlueJackets vs 12 for Blackhawks.

3rd period


0:01 of 3rd period - Vernon Fiddler wins face-off versus Martin Hanzal in neutral zone.
0:42 of 3rd period - Chad Ruhwedel is hit by Dustin Byfuglien and loses puck.
0:52 of 3rd period - Icing by Teddy Purcell.
0:53 of 3rd period - Andrew Shaw wins face-off versus Justin Williams in BlueJackets zone.
1:00 of 3rd period - Wrist shot by Andrew Shaw.
1:00 of 3rd period - Stopped by Jake Allen with a rebound.
1:02 of 3rd period - Slapshot by Brent Burns.
1:02 of 3rd period - Deflect By Tyler Toffoli.
1:02 of 3rd period - Shot Misses the Net.
1:02 of 3rd period - Puck is out of play.
1:03 of 3rd period - Manny Malhotra wins face-off versus Andrew Shaw in BlueJackets zone.
1:17 of 3rd period - Off-side.
1:18 of 3rd period - Erik Cole wins face-off versus Justin Fontaine in neutral zone.
1:23 of 3rd period - Snap shot by Erik Cole.
1:23 of 3rd period - Stopped by Jimmy Howard with a rebound.
1:25 of 3rd period - Slapshot by Manny Malhotra.
1:25 of 3rd period - Shot Misses the Net.
1:27 of 3rd period - Slapshot by Manny Malhotra.
1:27 of 3rd period - Shot Misses the Net.
1:50 of 3rd period - Minor Penalty to Ben Holmstrom for Tripping.
1:51 of 3rd period - Vernon Fiddler wins face-off versus Martin Hanzal in Blackhawks zone.
2:19 of 3rd period - Slapshot by Teddy Purcell.
2:19 of 3rd period - Stopped by Jimmy Howard with a rebound.
2:21 of 3rd period - Snap shot by Justin Williams.
2:21 of 3rd period - Shot Misses the Net.
2:23 of 3rd period - Slapshot by Vernon Fiddler.
2:23 of 3rd period - Stopped by Jimmy Howard with a rebound.
2:25 of 3rd period - Snap shot by Vernon Fiddler.
2:25 of 3rd period - Shot Misses the Net.
3:47 of 3rd period - Justin Braun is hit by Ryan Garbutt and loses puck.
3:50 of 3rd period - Penalty to Ben Holmstrom is over, Ben Holmstrom is back on ice.
4:18 of 3rd period - Justin Braun is hit by James Wright.
4:43 of 3rd period - Minor Penalty to Ryan Garbutt for Hooking.
4:44 of 3rd period - Jeff Carter wins face-off versus Justin Williams in BlueJackets zone.
6:08 of 3rd period - Snap shot by Erik Cole.
6:08 of 3rd period - Shot Misses the Net.
6:10 of 3rd period - Slapshot by Adam Pardy.
6:10 of 3rd period - Deflect By Dustin Byfuglien.
6:10 of 3rd period - Goal by Adam Pardy - BlueJackets : 2 - Blackhawks : 9.
6:11 of 3rd period - Teddy Purcell wins face-off versus Martin Hanzal in neutral zone.
6:14 of 3rd period - Slapshot by Tobias Enstrom.
6:14 of 3rd period - Deflect By Teddy Purcell.
6:14 of 3rd period - Stopped by Jimmy Howard without a rebound.
6:15 of 3rd period - Martin Hanzal wins face-off versus James Wright in Blackhawks zone.
6:43 of 3rd period - Penalty to Ryan Garbutt is over, Ryan Garbutt is back on ice.
7:17 of 3rd period - Off-side.
7:18 of 3rd period - Erik Cole wins face-off versus Andrew Shaw in neutral zone.
7:41 of 3rd period - Patrick Wiercioch is hit by Tyler Toffoli and loses puck.
8:20 of 3rd period - Chad Ruhwedel is hit by Mike Hoffman and loses puck.
8:31 of 3rd period - Slapshot by Ryan Garbutt.
8:31 of 3rd period - Stopped by Jimmy Howard without a rebound.
8:32 of 3rd period - Martin Hanzal wins face-off versus James Wright in Blackhawks zone.
8:34 of 3rd period - Minor Penalty to Martin Hanzal for Hooking.
8:35 of 3rd period - Brooks Laich wins face-off versus Erik Cole in Blackhawks zone.
8:35 of 3rd period - Brooks Laich is hit by Ryan Garbutt.
8:46 of 3rd period - Jordie Benn is hit by Erik Cole and loses puck.
9:41 of 3rd period - Jeff Carter is hit by Adam Pardy and loses puck.
10:34 of 3rd period - Penalty to Martin Hanzal is over, Martin Hanzal is back on ice.
10:44 of 3rd period - Slapshot by Tobias Enstrom.
10:44 of 3rd period - Shot Misses the Net.
11:08 of 3rd period - Dustin Byfuglien is hit by Ryan Garbutt and loses puck.
11:36 of 3rd period - Icing by Justin Braun.
11:37 of 3rd period - Manny Malhotra wins face-off versus Riley Sheahan in Blackhawks zone.
13:19 of 3rd period - Tyler Toffoli is hit by Chad Ruhwedel.
13:27 of 3rd period - Patrick Wiercioch is hit by Ben Holmstrom.
13:33 of 3rd period - Wrist shot by Justin Fontaine.
13:33 of 3rd period - Shot Misses the Net.
13:35 of 3rd period - Slapshot by Justin Braun.
13:35 of 3rd period - Deflect By Justin Fontaine.
13:35 of 3rd period - Stopped by Jake Allen with a rebound.
13:37 of 3rd period - Wrist shot by Tyler Toffoli.
13:37 of 3rd period - Stopped by Jake Allen without a rebound.
13:38 of 3rd period - Martin Hanzal wins face-off versus Vernon Fiddler in BlueJackets zone.
13:51 of 3rd period - Slapshot by Teddy Purcell.
13:51 of 3rd period - Shot Misses the Net.
13:53 of 3rd period - Slapshot by Patrick Wiercioch.
13:53 of 3rd period - Stopped by Jimmy Howard with a rebound.
13:55 of 3rd period - Slapshot by Vernon Fiddler.
13:55 of 3rd period - Deflect By Dustin Byfuglien.
13:55 of 3rd period - Stopped by Jimmy Howard with a rebound.
14:16 of 3rd period - Minor Penalty to Ryan Garbutt for Holding.
14:17 of 3rd period - Martin Hanzal wins face-off versus Teddy Purcell in BlueJackets zone.
14:30 of 3rd period - Wrist shot by Ryan Callahan.
14:30 of 3rd period - Shot Hit the Post.
14:34 of 3rd period - Wrist shot by Martin Hanzal.
14:34 of 3rd period - Shot Misses the Net.
14:36 of 3rd period - Slapshot by Justin Braun.
14:36 of 3rd period - Stopped by Jake Allen with a rebound.
14:38 of 3rd period - Slapshot by Justin Braun.
14:38 of 3rd period - Deflect By Tobias Enstrom.
14:38 of 3rd period - Stopped by Jake Allen with a rebound.
14:52 of 3rd period - James Wright is hit by Jeff Carter and loses puck.
15:01 of 3rd period - Backhand shot by Jeff Carter.
15:01 of 3rd period - Stopped by Jake Allen with a rebound.
15:03 of 3rd period - Slapshot by Dustin Byfuglien.
15:03 of 3rd period - Stopped by Jake Allen with a rebound.
16:16 of 3rd period - Penalty to Ryan Garbutt is over, Ryan Garbutt is back on ice.
16:32 of 3rd period - Ben Holmstrom is hit by Ryan Garbutt and loses puck.
17:39 of 3rd period - Icing by Torey Krug.
17:40 of 3rd period - James Wright wins face-off versus Ben Holmstrom in Blackhawks zone.
18:01 of 3rd period - Slapshot by Jeff Carter.
18:01 of 3rd period - Shot Hit the Post.
18:11 of 3rd period - Adam Pardy is hit by Jeff Carter and loses puck.
18:32 of 3rd period - Ryan Garbutt is hit by Brent Burns and loses puck.
18:47 of 3rd period - Wrist shot by Patrick Wiercioch.
18:47 of 3rd period - Stopped by Jimmy Howard with a rebound.
19:01 of 3rd period - Brooks Laich is hit by Erik Cole.
19:32 of 3rd period - Snap shot by Tobias Enstrom.
19:32 of 3rd period - Stopped by Jimmy Howard with a rebound.
19:34 of 3rd period - Snap shot by Tobias Enstrom.
19:34 of 3rd period - Stopped by Jimmy Howard with a rebound.
19:36 of 3rd period - Slapshot by Vernon Fiddler.
19:36 of 3rd period - Shot Blocked by Jeff Carter.
19:38 of 3rd period - Slapshot by Drew Shore.
19:38 of 3rd period - Deflect By Teddy Purcell.
19:38 of 3rd period - Stopped by Jimmy Howard with a rebound.
19:40 of 3rd period - Slapshot by Tobias Enstrom.
19:40 of 3rd period - Stopped by Jimmy Howard with a rebound.
19:42 of 3rd period - Wrist shot by Drew Shore.
19:42 of 3rd period - Shot Blocked by Justin Braun.
19:44 of 3rd period - Slapshot by Teddy Purcell.
19:44 of 3rd period - Shot Misses the Net.
19:46 of 3rd period - Slapshot by Tobias Enstrom.
19:46 of 3rd period - Goal by Tobias Enstrom - BlueJackets : 3 - Blackhawks : 9.
19:47 of 3rd period - Manny Malhotra wins face-off versus Andrew Shaw in neutral zone.
Goals for this period are 2 for BlueJackets vs 0 for Blackhawks.
Shots for this period are 14 for BlueJackets vs 7 for Blackhawks.


Output by the SimonT Hockey Simulator (STHS) for Eric Dolegowski -- Original Page W3C XHTML 1.0 Valid
Hockey Simulator - Hockey Simulation - Hockey Manager